AoeStats
← APs | Power to the People

Lombardia

509994744Analyzed
3v3 RM · 4d ago on Sep 29, 2026· 77m 45s· 6 players
Game mode
Random Map
Map size
Normal (6 player)
Population
200
Speed
Normal
Resources
Standard
Victory
Conquest
Starting age
Dark Age
Ending age
Imperial Age
RankedLock teamsTeams togetherTeam positionsShared explorationLock speedFull tech treeHidden civsTurbo modeCheats
Victory
Defeat
🇨🇦 Muisca · Canada
1598
+11
🇺🇸 Gurjaras · United States
1525
+14
🇺🇸 Ethiopians · United States
1413
+19
🇦🇷 Cumans · Argentina
1509
-16
🇦🇷 Saracens · Argentina
1475
-14
🇦🇷 Hindustanis · Argentina
1455
-14
APs | Power to the People
7:31 Loom
9:45 Feudal Age
12:33 Town Watch
13:25 Double-Bit Axe
18:12 Horse Collar
22:11 Wheelbarrow
25:35 Castle Age
24:43 Gold Mining
26:09 Bloodlines
26:47 Scale Barding Armor
27:56 Chain Barding Armor
27:33 Capped Ram
28:35 Forging
32:07 Bow Saw
32:07 Heavy Plow
34:49 Iron Casting
39:38 Hand Cart
43:55 Imperial Age
43:48 Fletching
44:30 Bodkin Arrow
45:50 Ballistics
46:42 Plate Barding Armor
47:17 Conscription
48:24 Blast Furnace
47:24 Light Cavalry
48:13 Caravan
49:34 Two-Man Saw
49:16 Padded Archer Armor
50:39 Masonry
53:42 Leather Archer Armor
53:37 Siege Ram
59:33 Elite Kipchak
60:27 Steppe Husbandry
60:09 Elite Steppe Lancer
63:57 Hussar
65:03 Thumb Ring
66:56 Ring Archer Armor
APs | Zethex
9:54 Feudal Age
10:24 Loom
11:05 Double-Bit Axe
13:50 Fletching
15:51 Padded Archer Armor
19:21 Wheelbarrow
21:55 Castle Age
22:35 Crossbowman
24:00 Bodkin Arrow
29:35 Ballistics
31:55 Leather Archer Armor
36:15 Gold Mining
37:38 Hand Cart
37:09 Town Watch
37:47 Horse Collar
38:32 Bloodlines
38:29 Town Watch
39:44 Bow Saw
40:05 Husbandry
40:59 Light Cavalry
44:10 Scale Mail Armor
44:20 Forging
45:43 Leather Archer Armor
46:13 Gold Shaft Mining
45:29 Stone Mining
48:17 Thumb Ring
50:47 Imperial Age
51:06 Masonry
51:19 Fortified Wall
51:17 Arbalester
52:03 Bracer
53:13 Chemistry
53:00 Siege Engineers
53:28 Ring Archer Armor
55:18 Fortified Wall
56:11 Conscription
56:07 Counterweights
59:48 Caravan
61:20 Scale Barding Armor
61:50 Iron Casting
61:54 Heavy Plow
62:53 Town Patrol
64:16 Hussar
65:47 Heavy Camel Rider
69:58 Two-Man Saw
69:38 Onager
73:30 Chain Barding Armor
75:51 Plate Barding Armor
76:25 Blast Furnace
77:08 Siege Onager
APs | MercadoDelAge
6:46 Loom
9:11 Feudal Age
9:41 Double-Bit Axe
9:37 Horse Collar
16:49 Scale Barding Armor
17:33 Forging
22:10 Castle Age
20:36 Gold Mining
21:14 Bloodlines
23:22 Chain Barding Armor
23:13 Bow Saw
23:11 Husbandry
32:47 Iron Casting
34:23 Wheelbarrow
35:59 Heavy Plow
36:26 Hand Cart
36:44 Stone Mining
37:30 Gold Shaft Mining
37:54 Town Watch
39:25 Stone Shaft Mining
45:52 Imperial Age
47:42 Blast Furnace
46:07 Heavy Camel Rider
48:18 Plate Barding Armor
50:49 Two-Man Saw
51:18 Caravan
52:10 Fletching
52:41 Light Cavalry
53:51 Ballistics
53:37 Imperial Camel Rider
61:22 Chemistry
60:18 Bodkin Arrow
60:38 Hussar
71:43 Shatagni
72:04 Conscription
IVIUSTANG
8:21 Loom
11:09 Feudal Age
11:28 Champi Runner
12:44 Double-Bit Axe
14:45 Scale Mail Armor
16:34 Forging
18:33 Horse Collar
22:08 Wheelbarrow
25:33 Castle Age
24:26 Gold Mining
25:39 Champi Warrior
26:39 Chain Mail Armor
26:26 Squires
27:44 Iron Casting
30:05 Bow Saw
31:08 Town Watch
35:04 Fletching
36:25 Bodkin Arrow
36:41 Padded Archer Armor
38:46 Ballistics
42:56 Imperial Age
41:36 Leather Archer Armor
43:34 Herbalism
43:40 Bracer
44:44 Chemistry
45:16 Two-Man Saw
44:17 Heavy Plow
43:48 Elite Champi Warrior
45:45 Plate Mail Armor
46:10 Hand Cart
47:18 Hoardings
47:32 Elite Guecha Warrior
48:32 Conscription
50:03 Elite Temple Guard
53:49 Masonry
54:44 Stone Mining
55:29 Gold Shaft Mining
54:37 Pikeman
58:48 Stone Shaft Mining
68:21 Coinage
70:30 Crop Rotation
75:24 Capped Ram
76:11 Siege Engineers
76:03 Murder Holes
75:49 Treadmill Crane
76:08 Murder Holes
Oldspice
8:56 Feudal Age
9:30 Loom
10:09 Horse Collar
16:34 Double-Bit Axe
17:34 Forging
22:15 Castle Age
21:07 Bloodlines
20:59 Gold Mining
21:30 Scale Barding Armor
23:20 Chain Barding Armor
31:22 Bow Saw
33:18 Wheelbarrow
33:39 Town Watch
34:53 Husbandry
35:29 Iron Casting
40:27 Imperial Age
40:28 Heavy Camel Rider
42:02 Plate Barding Armor
44:00 Elite Shrivamsha Rider
46:54 Caravan
49:57 Frontier Guards
51:14 Heavy Plow
51:04 Light Cavalry
52:52 Hussar
55:34 Fletching
59:43 Hand Cart
61:59 Coinage
62:12 Conscription
66:16 Banking
67:07 Kshatriyas
68:51 Murder Holes
69:17 Ballistics
70:20 Siege Elephant
71:17 Bodkin Arrow
71:28 Scale Mail Armor
72:51 Bracer
73:16 Elite Chakram Thrower
74:14 Chain Mail Armor
74:55 Fortified Wall
75:45 Chemistry
Dr. Pipe
7:53 Loom
11:08 Feudal Age
14:48 Double-Bit Axe
16:38 Fletching
16:39 Horse Collar
21:05 Padded Archer Armor
23:16 Castle Age
21:48 Gold Mining
24:29 Bow Saw
24:25 Heavy Plow
23:52 Crossbowman
25:11 Bodkin Arrow
26:32 Thumb Ring
31:51 Wheelbarrow
32:12 Leather Archer Armor
32:04 Thumb Ring
34:23 Hand Cart
41:38 Royal Heirs
41:53 Forging
41:44 Scale Mail Armor
45:27 Chain Mail Armor
46:47 Ballistics
48:39 Iron Casting
49:04 Masonry
49:05 Fortified Wall
52:06 Imperial Age
53:48 Chemistry
52:50 Bracer
53:21 Ring Archer Armor
53:13 Conscription
52:25 Arbalester
54:16 Two-Man Saw
55:56 Coinage
58:11 Banking
61:57 Caravan
66:03 Elite Skirmisher
75:18 Torsion Engines
76:16 Capped Ram
77:09 Siege Ram
Connection lost

Rejoining the realm…

Still unreachable

The connection could not be restored.

Session expired

The server has moved on; the page needs a fresh start.